 Dungeon Crawl Stone Soup version 0.23.2-1-ga50397a6bc (webtiles) character file.

Game seed: 492551753239421394

98 Freyura the Skirmisher (level 4, 0/35 HPs)
             Began as a Demonspawn Fighter on May 2, 2019.
             Slain by a jackal (2 damage)
             ... on level 3 of the Dungeon.
             The game lasted 00:03:52 (1945 turns).

Freyura the Skirmisher (Demonspawn Fighter)         Turns: 1945, Time: 00:03:53

Health: 0/35       AC:  8    Str: 16    XL:     4   Next: 44%
Magic:  4/4        EV:  7    Int: 10    God:
Gold:   92         SH:  9    Dex: 13    Spells: 3/3 levels left

rFire    . . .     SeeInvis .   a - +0 flail
rCold    . . .     Gourm    .   c - +0 shield
rNeg     . . .     Faith    .   b - +0 scale mail
rPois    .         Spirit   .   (no helmet)
rElec    .         Reflect  .   (no cloak)
rCorr    .         Harm     .   (no gloves)
MR       .....                  (no boots)
Stlth    ..........             (no amulet)
HPRegen  0.11/turn              (no ring)
MPRegen  0.09/turn              (no ring)

@: no status effects
A: hooves 1, slimy green scales 1
a: no special abilities


You were on level 3 of the Dungeon.
You were hungry.

You visited 1 branch of the dungeon, and saw 3 of its levels.

You collected 92 gold pieces.

Inventory:

Hand Weapons
 a - a +0 flail (weapon)
Armour
 b - a +0 scale mail (worn)
 c - a +0 shield (worn)
Wands
 k - a wand of acid (5)
Scrolls
 g - 5 scrolls of teleportation {unknown}
 h - a scroll of random uselessness {unknown}
 i - 2 scrolls of remove curse {unknown}
 l - a scroll of identify {unknown}
 m - a scroll of noise {unknown}
Potions
 d - a potion of might
 e - a potion of curing {unknown}
 j - 2 potions of flight {unknown}
Comestibles
 f - 7 rations


   Skills:
 + Level 3.4 Fighting
 * Level 2.8 Maces & Flails
 + Level 3.1 Armour
 + Level 1.3 Dodging
 + Level 3.1 Shields


You had 3 spell levels left.
You didn't know any spells.
Your spell library was empty.

Dungeon Overview and Level Annotations

Branches:
Dungeon (3/15)

Altars:
Makhleb
Trog


Innate Abilities, Weirdness & Mutations

You have large cloven feet.
You are partially covered in slimy green scales. (AC +2)


Message History

The jackal closely misses you.
The jackal bites you but does no damage.
You block the jackal's attack.
The jackal bites you but does no damage.
You block the jackal's attack. The jackal bites you.
* * * LOW HITPOINT WARNING * * *
The jackal bites you but does no damage. x2
You block the jackal's attack.
The jackal bites you but does no damage.
You block the jackal's attack. The jackal bites you.
* * * LOW HITPOINT WARNING * * *
You block the jackal's attack. The jackal barely misses you.
You block the jackal's attack. The jackal barely misses you.
You block the jackal's attack. The jackal bites you.
* * * LOW HITPOINT WARNING * * *
The jackal barely misses you. The jackal bites you.
You die...

#########
#.......#######
#.......#...>.####
#.................
#.................
#............<.._.
##.#.##...........
#@h#.##.........##
#.hghh##.##.........#
#....gh###.###.......##
..%?##h #.##.........#
... .. .........)...#
.. ### #....>.......# .
..............#
.#.#..........#
.....#.......##


You could see 6 jackals and 2 goblins.

Vanquished Creatures
  Natasha (D:2)
  2 adders (D:2)
  An ooze (D:2)
  An adder skeleton (D:3)
  A worm (D:2)
  2 dart slugs
  A leopard gecko (D:2)
  A ball python (D:1)
  6 bats
  3 giant cockroaches (D:2)
  3 goblins
  3 hobgoblins (D:2)
  2 jackals (D:3)
  4 kobolds (D:1)
  A quokka (D:2)
  3 frilled lizards (D:2)
  4 rats
39 creatures vanquished.

Notes
Turn   | Place    | Note
-------+----------+-------------------------------------------
     0 | D:1      | Freyura the Demonspawn Fighter began the quest for the Orb.
     0 | D:1      | Reached XP level 1. HP: 18/18 MP: 1/1
   433 | D:1      | Gained mutation: You are partially covered in slimy green
                  | scales. (AC +2) [demonic ancestry]
   433 | D:1      | Reached XP level 2. HP: 23/24 MP: 2/2
   920 | D:2      | Reached XP level 3. HP: 27/29 MP: 3/3
   924 | D:2      | Found a faded altar of an unknown god.
  1240 | D:2      | Reached skill level 1 in Dodging
  1312 | D:2      | Found a bloodstained altar of Trog.
  1500 | D:2      | Noticed Natasha
  1518 | D:2      | Killed Natasha
  1518 | D:2      | Gained mutation: You have large cloven feet. [demonic
                  | ancestry]
  1518 | D:2      | Reached XP level 4. HP: 11/35 MP: 4/4
  1734 | D:3      | Found a burning altar of Makhleb.
  1945 | D:3      | Slain by a jackal

Skill      XL: |  1  2  3 |
---------------+----------+-----
Maces & Flails | 2 |  2.8
Armour         | 3 |  3.1
Dodging        | 1 |  1.3
Shields        | 3 |  3.1
Fighting       | |  3.4

Action                   |  1- 3 |  4- 6 || total
-------------------------+-------+-------++-------
Melee: Flail             |   121 |    35 ||   156
       Kick              |       |    11 ||    11
  Eat: Chunk             |     1 |     2 ||     3
Armor: Scale mail        |    68 |    90 ||   158
Dodge: Dodged            |    51 |    51 ||   102
Block: Shield            |    68 |    65 ||   133
